 Dungeon Sprint DCSS version 0.31-a0-18-gea43df2a32 (webtiles) character file.

Game seed: 13378073385683006282

842 sircluck the Grappler (level 7, -4/80 HPs)
             Began as a Troll Berserker on May 9, 2023.
             Was a Priest of Trog.
             Slain by an ice devil (15 damage)
             ... summoned by a kobold demonologist
             ... in the Dungeon (Sprint I: "Red Sonja").
             The game lasted 00:00:44 (201 turns).

sircluck the Grappler (Troll Berserker)              Turns: 201, Time: 00:00:46

Health: -4/80      AC:  4    Str: 28    XL:     7   Next: 67%
Magic:  6/6        EV: 12    Int:  3    God:    Trog [***...]
Gold:   270        SH:  0    Dex:  9    Spells: 6/6 levels left

rFire   . .          .
                       - Unarmed
rCold   . . .        (no shield)
rNeg    . . .        a - +0 animal skin
rPois   .            (helmet restricted)
rElec   .            (no cloak)
rCorr   .            (gloves unavailable)
SInv    .            (boots unavailable)
Will    .....        (no amulet)
Stlth   +            (no ring)
HPRegen 1.13/turn    (no ring)
MPRegen 0.10/turn

%: no teleportation
@: no status effects
A: large, unfitting armour, claws 3, regeneration 1, shaggy fur 1, tough skin 1
a: Renounce Religion, Berserk, Trog's Hand


You were in the Dungeon.
You worshipped Trog.
Trog was most pleased with you.
You visited 1 branch You collected 270 gold pieces.

Inventory:

Armour
 a - a +0 animal skin (worn)
Wands
 h - a wand of roots (9)
Scrolls
 g - a scroll of blinking
 j - a scroll of identify {unknown}
Potions
 b - a potion of curing
 c - a potion of heal wounds
 d - a potion of haste
 e - 2 potions of magic
 f - a potion of berserk rage
 i - a potion of lignification {unknown}


   Skills:
 + Level 8.2 Fighting
 + Level 8.1 Dodging
 + Level 11.3 Unarmed Combat


You had 6 spell levels left.
You didn't know any spells.
Your spell library was empty.

Dungeon Overview and Level Annotations

Branches:
Dungeon (1/1)

Altars:
Makhleb
Sif Muna
Vehumet
Wu Jian
Xom
Jiyva
Lugonu


Innate Abilities, Weirdness & Mutations

You are too large for most types of armour.
You have claws for hands.
Your natural rate of healing is unusually fast.
You are covered in fur. (AC +1)
You have tough skin. (AC +1)


Message History

Unknown command.
You claw the kobold demonologist!
The kobold demonologist is moderately wounded.
The kobold demonologist hits you but does no damage.
You closely miss the kobold demonologist.
The kobold demonologist is moderately wounded.
You mangle the kobold demonologist!!
The kobold demonologist is severely wounded.
The kobold demonologist hits you but does no damage.
You claw the floating eye!
You kill the floating eye!
Trog accepts your kill.
The kobold demonologist barely misses you.
The kobold demonologist mumbles some strange words.
Your Unarmed Combat skill increases to level 10!
You have reached level 7!
You mangle the kobold demonologist!!
You kill the kobold demonologist!
Trog accepts your kill.
Trog appreciates your killing of a magic user.
The ice devil hits you! The ice devil freezes you!!
Your Fighting skill increases to level 8!
Your Dodging skill increases to level 8!
Your Unarmed Combat skill increases to level 11!
You scratch the kobold demonologist.
The kobold demonologist is lightly wounded.
The ynoxinul gestures.
The kobold demonologist hits you with a +0 dagger.
You scratch the kobold demonologist but do no damage.
The kobold demonologist is lightly wounded.
The ice devil hits you! The ice devil freezes you!!
* * * LOW HITPOINT WARNING * * *
Unknown command.
You scratch the kobold demonologist but do no damage.
The kobold demonologist is lightly wounded.
The kobold demonologist hits you but does no damage.
The ice devil hits you.
* * * LOW HITPOINT WARNING * * *
The ice devil freezes you!
You die...

#####################
.').#..'..#__#..@435#
.#..').#..'..'..#K5.#
###'#####'#__####5..+
#..# #.#### #### ####
##[# #_.+ +..._#
#_.#+# ##+


You could see an ice devil (summoned), a kobold demonologist, a ynoxinul
(summoned) and 3 ufetubi.

Vanquished Creatures
  A kobold demonologist (D)
  Sigmund (D)
  A slime creature (D)
  A floating eye (D)
  An ogre (D)
  A jelly (D)
  Ijyb (D)
7 creatures vanquished.

Notes
Turn   | Place    | Note
-------+----------+-------------------------------------------
     0 | D        | sircluck the Troll Berserker began the quest for the Orb.
     0 | D        | Reached XP level 1. HP: 22/22 MP: 0/0
     1 | D        | Noticed Ijyb
     6 | D        | Killed Ijyb
     7 | D        | Reached skill level 4 in Unarmed Combat
     7 | D        | Reached XP level 2. HP: 25/31 MP: 1/1
    16 | D        | Noticed an ogre
    26 | D        | Killed an ogre
    27 | D        | Reached skill level 5 in Dodging
    27 | D        | Reached skill level 6 in Unarmed Combat
    27 | D        | Reached XP level 3. HP: 14/41 MP: 2/2
    27 | D        | Reached XP level 4. HP: 16/49 MP: 3/3
    67 | D        | Noticed Sigmund
    92 | D        | Killed Sigmund
    92 | D        | Reached ** piety under Trog
    93 | D        | Reached skill level 8 in Unarmed Combat
    93 | D        | Reached XP level 5. HP: 32/61 MP: 4/4
    93 | D        | Reached XP level 6. HP: 36/68 MP: 5/5
   135 | D        | Found an ornate altar of the Wu Jian Council.
   135 | D        | Found a shimmering blue altar of Sif Muna.
   137 | D        | Found a radiant altar of Vehumet.
   147 | D        | Found a burning altar of Makhleb.
   147 | D        | Found a viscous altar of Jiyva.
   147 | D        | Found a shimmering altar of Xom.
   147 | D        | Found a corrupted altar of Lugonu.
   147 | D        | Noticed a slime creature
   154 | D        | Killed a slime creature
   155 | D        | Reached skill level 9 in Unarmed Combat
   188 | D        | Noticed a kobold demonologist
   188 | D        | Noticed a floating eye
   188 | D        | Noticed a kobold demonologist
   190 | D        | Noticed an ice devil
   190 | D        | Paralysed by a floating eye for 3 turns
   197 | D        | Killed a floating eye
   197 | D        | Reached *** piety under Trog
   198 | D        | Reached skill level 10 in Unarmed Combat
   198 | D        | Reached XP level 7. HP: 76/78 MP: 6/6
   198 | D        | Noticed a ynoxinul
   198 | D        | Killed a kobold demonologist
   199 | D        | Reached skill level 11 in Unarmed Combat
   201 | D        | Slain by an ice devil

Illustrated notes

Levels and vault maps discovered:
D:        dungeon_sprint_1 [red_sonja_temple_1, red_sonja_temple_small_1]

Skill      XL: |  1  2  3  4  5  6  7 |
---------------+----------------------+-----
Fighting       | 3 4 6 7 8 |  8.2
Dodging        | 3 5 6 7 8 |  8.1
Unarmed Combat | 4 6 8 10 11 | 11.3

Action                     |  1- 3 |  4- 6 |  7- 9 || total
---------------------------+-------+-------+-------++-------
  Melee: Unarmed           |    13 |    34 |     4 ||    51
         Punch             |       |     1 |       ||     1
 Armour: Animal skin       |       |     8 |     1 ||     9
  Dodge: Dodged            |     6 |     1 |       ||     7

Table legend: (Time is in decaauts)
 A = Elapsed time spent in this place.
 B = Non-inter-level travel time spent in this place.
 C = Inter-level travel time spent in this place.
 D = Time resting spent in this place.
 E = Time spent auto-exploring this place.
 F = Levels seen in this place.
 G = Mean time per level.
                   A        B        C        D        E       F      G
               +--------+--------+--------+--------+--------+-----+--------+
         Total |    194 |    194 |      0 |      2 |    126 |   1 |  194.0 |
       Dungeon |    194 |    194 |      0 |      2 |    126 |   1 |  194.0 |
               +--------+--------+--------+--------+--------+-----+--------+

Top non-repeatable levels by time:
       D: 194 daAuts
